 Dungeon Crawl Stone Soup version 0.30-a0-967-g9b59a09336 (webtiles) character file.

Game seed: 8006224516817370871

49 Cecky the Sneak (level 3, -3/16 HPs)
             Began as a Vine Stalker Enchanter on Mar 31, 2023.
             Slain by Terence
             ... wielding a +2 falchion of protection
              (4 damage)
             ... on level 2 of the Dungeon.
             The game lasted 00:03:31 (1165 turns).

Cecky the Sneak (Vine Stalker Enchanter)            Turns: 1165, Time: 00:03:31

Health: -3/16      AC:  5    Str: 10    XL:     3   Next: 77%
Magic:  0/7        EV: 27    Int: 15    God:
Gold:   89         SH:  0    Dex: 16    Spells: 4/6 levels left

rFire   . . .      SeeInvis .    a - +1 dagger
rCold   . . .      Faith    .    (no shield)
rNeg    . . .      Spirit   +    b - +0 robe
rPois   .          Reflect  .    (no helmet)
rElec   .          Rampage  .    (no cloak)
rCorr   .                        j - +2 pair of gloves
Will    .....                    (no boots)
Stlth   +++                      l - amulet of the acrobat
HPRegen 0.22/turn                (no ring)
MPRegen 0.10/turn                (no ring)

@: acrobatic
A: fangs 2, magic shield, antimagic bite, no potion heal 2
a: no special abilities


You were on level 2 of the Dungeon.
You visited 1 branch of the dungeon, and saw 2 of its levels.

You collected 89 gold pieces.

Inventory:

Hand Weapons
 a - a +1 dagger (weapon)
Armour
 b - a +0 robe (worn)
 j - a +2 pair of gloves (worn)
Jewellery
 l - an amulet of the acrobat (around neck)
Scrolls
 d - 2 scrolls of magic mapping {unknown}
 f - a scroll of teleportation {unknown}
 g - a scroll of amnesia {unknown}
 k - a scroll of enchant weapon {unknown}
 m - a scroll of blinking {unknown}
 n - a scroll of brand weapon {unknown}
Potions
 c - 2 potions of invisibility
 e - 2 potions of berserk rage {unknown}
 h - a potion of brilliance {unknown}
 i - a potion of magic {unknown}


   Skills:
 + Level 0.2 Fighting
 + Level 1.3 Short Blades
 - Level 1.5 Dodging
 + Level 4.7 Stealth
 - Level 2.4 Spellcasting
 + Level 3.5 Hexes


You had 4 spell levels left.
You knew the following spells:

 Your Spells              Type           Power      Damage    Failure   Level
a - Ensorcelled Hibernat  Hex/Ice        14%        N/A       16%         2

Your spell library contained the following spells:

 Spells                   Type           Power      Damage    Failure   Level
 Confusing Touch          Hex            12%        N/A       16%         3
 Tukima's Dance           Hex            12%        N/A       16%         3
 Dazzling Flash           Conj/Hex       14%        N/A       30%         3


Dungeon Overview and Level Annotations

Branches:
Dungeon (2/15)

Altars:

Annotations:
D:2 Terence


Innate Abilities, Weirdness & Mutations

You have extremely sharp teeth.
When hurt, damage is shared between your health and your magic reserves.
Your bite disrupts and absorbs the magic of your enemies.
Potions cannot restore your health.


Message History

Things that are here:
a +0 short sword; a kobold corpse You now have 80 gold pieces (gained 6).
You now have 89 gold pieces (gained 9).
Found a kite shield.
Found an escape hatch in the ceiling.
You see here a +0 robe.
You see here a +0 kite shield.
You see here a +0 kite shield.
You see here a +0 robe.
There is an escape hatch in the ceiling here.
n - a scroll labelled MUOG OXZULOLITZ Terence the Incautious comes into view.
He is wielding a +2 falchion of protection.
Terence shouts!
Casting: Ensorcelled Hibernation (safe; 16% risk of failure)
Confirm with . or Enter, or press ? or * to list all spells.
Aiming: Ensorcelled Hibernation (safe; 16% risk of failure)
Press: ? - help, Shift-Dir - straight line, f - Terence
Aim: Terence, wielding a +2 falchion of protection and wearing a +0 chain mail (chance to affect: 50%) Terence resists with some effort.
Terence hits you with a +2 falchion of protection.
Casting: Ensorcelled Hibernation (safe; 16% risk of failure)
Confirm with . or Enter, or press ? or * to list all spells.
Aiming: Ensorcelled Hibernation (safe; 16% risk of failure)
Press: ? - help, Shift-Dir - straight line, f/p - Terence
Aim: Terence, wielding a +2 falchion of protection and wearing a +0 chain mail (chance to affect: 50%) Terence looks drowsy...
The helpless Terence fails to defend himself.
You puncture Terence!
Terence is heavily wounded.
Terence hits you with a +2 falchion of protection!
Ouch! That really hurt!
* * * LOW HITPOINT WARNING * * *
Terence attacks as you move away! Terence completely misses you.
Terence attacks as you move away!
Terence hits you with a +2 falchion of protection.
* * * LOW HITPOINT WARNING * * *
Terence attacks as you move away!
Terence hits you with a +2 falchion of protection.
You die...

####### ......#
#####.# .)....#
####..############
#..[....<.....#
#####.##########.#
....[..# #@#
#####..# #@# #
#..# #.# # ##..#
#.# ####...# #.#
#......# #.......#
#......# #.#####.#
####.#.# # #
.###.#.#


You could see Terence.

Vanquished Creatures
  An adder (D:2)
  A worm (D:2)
  2 dart slugs (D:1)
  A ball python (D:1)
  3 bats (D:1)
  2 giant cockroaches (D:1)
  3 goblins (D:1)
  4 hobgoblins
  3 jackals (D:1)
  2 quokkas (D:1)
  3 frilled lizards
  3 kobolds (D:2)
  4 rats (D:1)
32 creatures vanquished.

Notes
Turn   | Place    | Note
-------+----------+-------------------------------------------
     0 | D:1      | Cecky the Vine Stalker Enchanter began the quest for the
                  | Orb.
     0 | D:1      | Reached XP level 1. HP: 9/9 MP: 4/4
   166 | D:1      | Reached skill level 4 in Stealth
   166 | D:1      | Reached XP level 2. HP: 6/13 MP: 4/6
   319 | D:1      | Learned a level 2 spell: Ensorcelled Hibernation
   356 | D:1      | Reached skill level 1 in Short Blades
   579 | D:1      | Reached XP level 3. HP: 15/16 MP: 7/7
  1156 | D:2      | Noticed Terence
  1165 | D:2      | Slain by Terence

Illustrated notes

Levels and vault maps discovered:
D:1:      eino_arrival_water_star, layout_loops_ring
D:2:      layout_loops_ring, uniq_terence

Skill      XL: |  1  2 |
---------------+-------+-----
Stealth        | 4 |  4.7
Short Blades   | 1 |  1.3
Fighting       | |  0.2
Dodging        | |  1.5
Spellcasting   | |  2.4
Hexes          | |  3.5

Action                     || total
---------------------------++-------
  Melee: Dagger            ||    95
         Bite              ||    17
         Punch             ||     2
   Cast: Ensorcelled Hiber ||     2
   Stab: Sleeping          ||    10
 Armour: Robe              ||    18
  Dodge: Dodged            ||    47

Table legend: (Time is in decaauts)
 A = Elapsed time spent in this place.
 B = Non-inter-level travel time spent in this place.
 C = Inter-level travel time spent in this place.
 D = Time resting spent in this place.
 E = Time spent auto-exploring this place.
 F = Levels seen in this place.
 G = Mean time per level.
                   A        B        C        D        E       F      G
               +--------+--------+--------+--------+--------+-----+--------+
         Total |   1161 |   1150 |     11 |    162 |    643 |   2 |  580.5 |
       Dungeon |   1161 |   1150 |     11 |    162 |    643 |   2 |  580.5 |
               +--------+--------+--------+--------+--------+-----+--------+

Top non-repeatable levels by time:
     D:1: 853 daAuts
     D:2: 307 daAuts
